 Dungeon Crawl Stone Soup version 0.30-a0-956-gcec3b41aec (webtiles) character file.

Game seed: 2031413823538758913

436 Mesmaeker13 the Insei (level 7, -1/47 HPs)
             Began as an Octopode Transmuter on Mar 29, 2023.
             Was an Initiate of Wu Jian.
             Slain by an iguana (11 damage)
             ... on level 5 of the Dungeon.
             The game lasted 00:06:18 (4819 turns).

Mesmaeker13 the Insei (Octopode Transmuter)         Turns: 4819, Time: 00:06:19

Health: -1/47      AC:  1    Str: 16    XL:     7   Next: 1%
Magic:  10/10      EV: 18    Int: 17    God:    Wu Jian [......]
Gold:   249        SH:  0    Dex: 12    Spells: 3/10 levels left

rFire   + . .      SeeInvis .      - Unarmed
rCold   x . .      Faith    .    (no shield)
rNeg    . . .      Spirit   .    (helmet currently unavailable)
rPois   +          Reflect  .    (no amulet)
rElec   .          Rampage  .    a - ring of fire
rCorr   .                        p - +6 ring of strength
Will    .....                    r - ring of poison resistance
Stlth   ++                       s - +5 ring of evasion
HPRegen 0.27/turn                (no ring)
MPRegen 0.12/turn                (no ring)
                                 (no ring)
                                 (no ring)

@: appendages, very slightly contaminated
A: tentacle spike 3, almost no armour, amphibious, 8 rings, camouflage 1,
gelatinous body 1, (nimble swimmer 1), tentacles
a: End Transformation, Renounce Religion


You were on level 5 of the Dungeon.
You worshipped Wu Jian.
Wu Jian was noncommittal.
One of your tentacles had grown a beastly spike.
You visited 2 branches of the dungeon, and saw 6 of its levels.

You collected 249 gold pieces.

Inventory:

Hand Weapons
 h - a +0 spear
Magical Staves
 i - a staff of fire
Jewellery
 a - a ring of fire (left tentacle)
 j - an amulet of faith
 p - a +6 ring of strength (right tentacle)
 r - a ring of poison resistance (on tentacle)
 s - a +5 ring of evasion (on tentacle)
Wands
 v - a wand of paralysis (9)
Scrolls
 c - a scroll of amnesia
 d - a scroll of acquirement {unknown}
 e - a scroll of magic mapping {unknown}
 f - a scroll of blinking
 m - 2 scrolls of fear {unknown}
 n - a scroll of immolation {unknown}
 o - a scroll of vulnerability {unknown}
 q - a scroll of silence {unknown}
 t - a scroll of enchant weapon {unknown}
 u - a scroll of identify
Potions
 b - 4 potions of curing
 g - a potion of might {unknown}
 k - 2 potions of attraction {unknown}
 l - a potion of magic {unknown}


   Skills:
 + Level 3.8 Fighting
 - Level 2.0 Dodging
 + Level 4.8 Unarmed Combat
 - Level 2.0 Spellcasting
 + Level 4.2 Transmutations
 + Level 1.6 Ice Magic


You had 3 spell levels left.
You knew the following spells:

 Your Spells              Type           Power      Damage    Failure   Level
a - Beastly Appendage     Tmut           32%        N/A       3%          1
b - Wereblood             Tmut           16%        N/A       5%          2
c - Ice Form              Ice/Tmut       11%        N/A       50%         4

Your spell library contained the following spells:

 Spells                   Type           Power      Damage    Failure   Level
 Spider Form              Tmut/Pois      8%         N/A       24%         3
 Lesser Beckoning         Tloc           2%         N/A       28%         2
 Ozocubu's Armour         Ice            7%         N/A       28%         3
 Gell's Gravitas          Tloc           1%         N/A       50%         3
 Teleport Other           Tloc           1%         N/A       50%         3
 Iskenderun's Battlesphe  Conj           1%         2d6       99%         5
 Iron Shot                Conj/Erth      0%         9d1       100%        6
 Ozocubu's Refrigeration  Ice            3%         4d8       100%        7
 Spellforged Servitor     Conj/Summ      0%         N/A       100%        7


Dungeon Overview and Level Annotations

Branches:
Dungeon (5/15)             Temple (1/1) D:4

Altars:
Ashenzari
Cheibriados
Dithmenos
Elyvilon
Fedhas
Gozag
Hepliaklqana
Makhleb
Nemelex Xobeh
Okawaru
Qazlal
Ru
Sif Muna
Trog
Uskayaw
Vehumet
Wu Jian
Xom
Yredelemnul
Zin
The Shining One

Shops:
D:5 (

Annotations:
D:4 5 exclusions
D:5 Eustachio


Innate Abilities, Weirdness & Mutations

One of your tentacles has grown a beastly spike.
You cannot wear most types of armour.
You are amphibious.
You can wear up to eight rings at the same time.
Your skin changes colour to match your surroundings (Stealth+).
Your rubbery body absorbs attacks. (AC +1, EV +1)
((You are camouflaged when in or above water. (Stealth+)))
You have tentacles for arms and can constrict up to eight enemies at once.


Message History

The hound is severely wounded.
The hound barely misses you.
You completely miss the hound. Your grab misses the hound.
The hound is severely wounded.
The hound bites you. The hound barely misses you.
You closely miss the hound. You grab the hound. You squeeze the hound.
You kill the hound!
The Council accepts your kill.
Aiming: Paralyse
Press: ? - help, Shift-Dir - straight line, f - jelly
Aim: a jelly (chance to affect: 57%)
The jelly resists with significant effort.
Unknown command.
Aiming: Paralyse
Press: ? - help, Shift-Dir - straight line, f/p - jelly
Aim: a jelly (chance to affect: 57%)
The jelly suddenly stops moving!
Unknown command.
The helpless jelly fails to defend itself.
You bludgeon the jelly!
Your tentacles burn!
You pierce the jelly.
You tentacle-slap the jelly.
The jelly is almost dead.
The helpless jelly fails to defend itself.
You tentacle-slap the jelly.
You kill the jelly!
The Council accepts your kill.
You have reached level 7!
Casting: Beastly Appendage (safe; 3% risk of failure)
Confirm with . or Enter, or press ? or * to list all spells.
Okay, then.
Unknown command.
Casting: Beastly Appendage (safe; 3% risk of failure)
Confirm with . or Enter, or press ? or * to list all spells.
The spell is extremely dangerous to miscast (50% risk of failure)!
Continue anyway?
You miscast Ice Form.
You are very lightly contaminated with residual magic.
You feel extremely cold!
You feel a terrible chill!
* * * LOW HITPOINT WARNING * * *
Magical energy flows into your mind! The iguana bites you!
You die...

@....# ....... .......
.......##
........######
...................#
..............####.####
................@l....#
.........@.##'#####...#
...........#.⌠.⌠# ##..#
...........#....##.##.#
.#.........#.._.#$..8.#
.####......#....#l... #
......####.#....#$...
...........#.._.#$..8
.†.........#....##.## #


You could see Eustachio (wandering) and an iguana.

Vanquished Creatures
  A phantom (D:5)
  4 hounds
  A jelly (D:5)
  Natasha (D:3)
  A sleepcap (D:4)
  3 gnolls (D:4)
  4 adders
  An ufetubus (D:4)
  2 dart slugs
  11 orcs
  7 endoplasms
  2 giant cockroaches
  6 goblins
  5 hobgoblins
  6 jackals
  5 quokkas
  7 ball pythons
  3 bats
  6 frilled lizards
  6 kobolds
  7 rats
89 creatures vanquished.

Notes
Turn   | Place    | Note
-------+----------+-------------------------------------------
     0 | D:1      | Mesmaeker13 the Octopode Transmuter began the quest for the
                  | Orb.
     0 | D:1      | Reached XP level 1. HP: 13/13 MP: 3/3
    85 | D:1      | Reached XP level 2. HP: 18/18 MP: 3/5
   481 | D:1      | Reached XP level 3. HP: 19/24 MP: 4/6
   748 | D:1      | Learned a level 2 spell: Wereblood
  1840 | D:3      | Reached XP level 4. HP: 26/29 MP: 5/7
  2004 | D:3      | Noticed Natasha
  2016 | D:3      | Killed Natasha
  2543 | D:3      | Found a faded altar of an unknown god.
  3091 | D:4      | Found a staircase to the Ecumenical Temple.
  3094 | D:4      | Noticed a steam dragon
  3215 | D:4      | Learned a level 4 spell: Ice Form
  3227 | D:4      | Reached XP level 5. HP: 29/36 MP: 8/8
  3286 | D:5      | Entered Level 5 of the Dungeon
  3286 | D:5      | Noticed a phantom
  3286 | D:5      | Found Josuewim's Weapon Shoppe.
  3466 | D:4      | You fall into a shaft and drop 1 floor!
  3735 | Temple   | Entered the Ecumenical Temple
  4006 | Temple   | Became a worshipper of the Wu Jian Council
  4245 | D:5      | Reached XP level 6. HP: 42/42 MP: 7/9
  4276 | D:5      | Reached skill level 1 in Ice Magic
  4389 | D:5      | Found an iron altar of Okawaru.
  4779 | D:5      | Found a shimmering blue altar of Sif Muna.
  4779 | D:5      | Found a basalt altar of Yredelemnul.
  4792 | D:5      | Noticed Eustachio
  4819 | D:5      | Reached XP level 7. HP: 26/47 MP: 10/10
  4819 | D:5      | Slain by an iguana

Illustrated notes

Levels and vault maps discovered:
D:1:      psy_arrival_terrarium, layout_basic, minmay_surrounded
D:2:      layout_basic, serial_glass, glass_columns_c, glass_columns_a,
          serial_bayou_pond_c, feat_on_display
D:3:      layout_loops_corners, dreamdust_ecumenical_altar_angels_and_demons,
          kennysheep_cluttered_room, uniq_natasha
D:4:      layout_loops_ring, minmay_temple_entry_junction_2
D:5:      layout_cave_pods, jmf_multi_god_temple, okawaru_trees_2, serial_shops,
          nicolae_shop_bloodbath_and_beyond, uniq_eustachio
Temple:   hc_temple_tempest_star

Skill      XL: |  1  2  3  4  5  6 |
---------------+-------------------+-----
Fighting       | 2 3 |  3.8
Transmutations | 3 4 |  4.2
Unarmed Combat | 4 |  4.8
Ice Magic      | 1 |  1.6
Dodging        | |  2.0
Spellcasting   | |  2.0

Action                     |  1- 3 |  4- 6 |  7- 9 || total
---------------------------+-------+-------+-------++-------
  Melee: Unarmed           |    71 |   108 |       ||   179
         Tentacles         |    13 |    23 |       ||    36
         Constrict         |    12 |    30 |       ||    42
         Kick              |    16 |    33 |       ||    49
         Punch             |     4 |     2 |       ||     6
   Cast: Beastly Appendage |    30 |    29 |       ||    59
         Wereblood         |       |     4 |       ||     4
         Ice Form          |       |     1 |       ||     1
Ability: Lunge             |       |     6 |       ||     6
  Evoke: Wand              |       |     2 |       ||     2
    Use: Potion            |       |     1 |       ||     1
         Scroll            |       |     3 |       ||     3
   Stab: Sleeping          |     8 |     5 |       ||    13
         Paralysed         |       |     2 |       ||     2
 Armour: Skin              |     3 |     7 |       ||    10
  Dodge: Dodged            |    25 |    41 |       ||    66

Table legend: (Time is in decaauts)
 A = Elapsed time spent in this place.
 B = Non-inter-level travel time spent in this place.
 C = Inter-level travel time spent in this place.
 D = Time resting spent in this place.
 E = Time spent auto-exploring this place.
 F = Levels seen in this place.
 G = Mean time per level.
                   A        B        C        D        E       F      G
               +--------+--------+--------+--------+--------+-----+--------+
         Total |   4805 |   4589 |    216 |    568 |   3102 |   6 |  800.8 |
       Dungeon |   4506 |   4344 |    162 |    568 |   2877 |   5 |  901.2 |
        Temple |    298 |    244 |     54 |      0 |    225 |   1 |  298.0 |
               +--------+--------+--------+--------+--------+-----+--------+

Top non-repeatable levels by time:
     D:3: 1478 daAuts
     D:1: 1028 daAuts
     D:4: 722 daAuts
     D:2: 686 daAuts
     D:5: 590 daAuts
  Temple: 298 daAuts
